 Dungeon Crawl Stone Soup version 0.25-a0-558-g78a2afb0af (webtiles) character file.

Game seed: 4121202491753701357, levelgen mode: deterministic

9 Leibowitz the Sneak (level 2, -3/15 HPs)
             Began as a Kobold Enchanter on Feb 24, 2020.
             Slain by a kobold
             ... wielding a +0 short sword
              (8 damage)
             ... on level 1 of the Dungeon.
             The game lasted 00:01:30 (533 turns).

Leibowitz the Sneak (Kobold Enchanter)               Turns: 533, Time: 00:01:30

Health: -3/15      AC:  2    Str:  5    XL:     2   Next: 25%
Magic:  0/5        EV: 15    Int: 16    God:
Gold:   26         SH:  0    Dex: 15    Spells: 2/5 levels left

rFire    . . .     SeeInvis .   a - +1 dagger
rCold    . . .     Gourm    .   (shield restricted)
rNeg     . . .     Faith    +   b - +0 robe
rPois    .         Spirit   .   (no helmet)
rElec    .         Reflect  .   (no cloak)
rCorr    .         Harm     .   (no gloves)
MR       .....                  (no boots)
Stlth    +++.......             c - amulet of faith
HPRegen  0.05/turn              (no ring)
MPRegen  0.09/turn              (no ring)

@: very slightly contaminated
A: small, carnivore
a: no special abilities


You were on level 1 of the Dungeon.
You were completely stuffed.

You visited 1 branch of the dungeon, and saw 1 of its levels.

You collected 26 gold pieces.

Inventory:

Hand Weapons
 a - a +1 dagger (weapon)
Armour
 b - a +0 robe (worn)
Jewellery
 c - an amulet of faith (around neck)
Comestibles
 d - a ration
 f - a chunk of flesh


   Skills:
 + Level 1.5 Short Blades
 + Level 2.8 Dodging
 + Level 4.1 Stealth
 + Level 2.2 Spellcasting
 + Level 3.3 Hexes


You had 2 spell levels left.
You knew the following spells:

 Your Spells              Type           Power        Failure   Level  Hunger
a - Corona                Hex            ##.....      5%          1    #......
b - Ensorcelled Hibernat  Hex/Ice        #.....       16%         2    ###....

Your spell library contained the following spells:

 Spells                   Type           Power        Failure   Level  Hunger
 Confusing Touch          Hex            ##......     16%         3    ###....
 Tukima's Dance           Hex            ##......     16%         3    ###....
 Dazzling Flash           Conj/Hex       #.....       30%         3    ###....


Dungeon Overview and Level Annotations

Branches:
Dungeon (1/15)

Altars:


Innate Abilities, Weirdness & Mutations

You are small and have problems with some larger weapons.
You are carnivorous and can eat meat at any time.


Message History

Confirm with . or Enter, or press ? or * to list all spells.
Aiming: Ensorcelled Hibernation (safe; 16% risk of failure)
Press: ? - help, Shift-Dir - straight line, f/p - kobold
Aim: a kobold, wielding a +0 short sword and quivering 2 stones (chance to defeat MR: 56%)
The kobold resists with significant effort.
The kobold hits you with a +0 short sword.
A rat comes into view.
Casting: Ensorcelled Hibernation (safe; 16% risk of failure)
Confirm with . or Enter, or press ? or * to list all spells.
You don't have enough magic to cast that spell.
Unknown command.
Casting: Ensorcelled Hibernation (safe; 16% risk of failure)
Confirm with . or Enter, or press ? or * to list all spells.
Aiming: Corona (safe; 5% risk of failure)
Press: ? - help, Shift-Dir - straight line, f/p - kobold
Aim: a kobold, wielding a +0 short sword and quivering 2 stones (chance to defeat MR: 66%)
The kobold is outlined in light.
The kobold hits you with a +0 short sword!
Ouch! That really hurt!
You die...

...#####.#.# #.........#
.#....##.#.#######.#...###.#
.##...##...........#...#
.#P...P#.#############.#
.##.รท.##.........### #.#
.#P...P##..........# #.#
.##...###..........# #>#
.#P...P##..(.......# ###
##...###....((.@K.#
#P...P##..........#
##...#####...##.....r.
#P...P# #...#########
##...## #...# #.<.# #...#
##### #...# #.###


You could see a kobold and a rat.

Vanquished Creatures
  A dart slug (D:1)
  A goblin (D:1)
  2 hobgoblins (D:1)
  A kobold (D:1)
  A ball python (D:1)
  A rat (D:1)
7 creatures vanquished.

Notes
Turn   | Place    | Note
-------+----------+-------------------------------------------
     0 | D:1      | Leibowitz the Kobold Enchanter began the quest for the Orb.
     0 | D:1      | Reached XP level 1. HP: 10/10 MP: 3/3
   483 | D:1      | Reached XP level 2. HP: 11/15 MP: 3/5
   487 | D:1      | Learned a level 2 spell: Ensorcelled Hibernation
   533 | D:1      | Slain by a kobold

Levels and vault maps discovered:
D:1:      minmay_arrival_plants_in_alcoves, layout_basic,
          minmay_misc_feat_roman, minmay_tall_x

Action                   || total
-------------------------++-------
Melee: Dagger            ||    29
 Cast: Corona            ||     6
       Ensorcelled Hiber ||     1
 Stab: Sleeping          ||     1
  Eat: Chunk             ||     7
Armor: Robe              ||     4
Dodge: Dodged            ||    15

Table legend:
 A = Non-vault XP
 B = Vault XP
 C = Vault XP percentage of total XP
 D = Non-vault monster count
 E = Vault monster count
 F = Vault count percentage of total count
                 A         B        C        D         E       F
            +---------+---------+-------+---------+---------+-------
      Total |      14 |       0 |   0.0 |       7 |       0 |   0.0
            +---------+---------+-------+---------+---------+-------
        D:1 |      14 |       0 |   0.0 |       7 |       0 |   0.0
            +---------+---------+-------+---------+---------+-------
